AoeStats
← ITA | Raffy

Nomad

504784954Analyzed
4v4 RM · 25d ago on Sep 6, 2026· 45m 2s· 8 players
Game mode
Random Map
Map size
231×231
Population
200
Speed
Normal
Resources
Standard
Victory
Conquest
Starting age
Dark Age
Ending age
Imperial Age
RankedLock teamsTeams togetherTeam positionsShared explorationLock speedFull tech treeHidden civsTurbo modeCheats
Victory
Defeat
🇩🇪 Vikings · Germany
1509
+10
🇨🇳 Persians · China
1408
+14
🇵🇪 Mongols · Peru
1380
+15
🇨🇳 Hindustanis · China
1372
+15
🇮🇹 Italians · Italy
1494
-19
1415
-16
🇮🇹 Dravidians · Italy
1297
-11
🇮🇹 Spanish · Italy
1216
-8
Bizzy
11:47 Feudal Age
16:09 Loom
16:11 Double-Bit Axe
18:57 Horse Collar
21:43 Castle Age
19:57 Forging
20:53 Scale Barding Armor
21:47 Gold Mining
21:48 Light Cavalry
22:40 Bow Saw
23:25 Heavy Plow
26:05 Stone Mining
26:46 Town Watch
29:08 Gold Shaft Mining
33:08 Imperial Age
31:01 Treadmill Crane
33:28 Masonry
34:01 Iron Casting
37:18 Conscription
38:03 Two-Man Saw
37:51 Architecture
37:14 Fletching
39:42 Crop Rotation
39:35 Siege Engineers
39:45 Scale Mail Armor
41:12 Chain Mail Armor
41:57 Blast Furnace
42:59 Chemistry
42:43 Squires
42:55 Chieftains
45:38 Ballistics
Manuel24
6:58 Loom
13:24 Feudal Age
14:44 Feudal Age
19:16 Castle Age
17:38 Double-Bit Axe
22:55 Fletching
23:51 Bodkin Arrow
23:57 Padded Archer Armor
25:36 Horse Collar
32:39 Wheelbarrow
34:04 Leather Archer Armor
37:20 Hand Cart
44:51 Imperial Age
43:27 Heavy Plow
43:55 Ballistics
43:52 Bloodlines
yangliang123
6:32 Loom
13:45 Feudal Age
14:25 Fishing Lines
19:08 Wheelbarrow
19:07 Fletching
22:09 Castle Age
22:48 Double-Bit Axe
23:17 Scale Mail Armor
24:13 Gold Mining
27:09 Forging
28:17 Bow Saw
27:50 Horse Collar
36:02 Hand Cart
36:38 Stone Mining
37:25 Gold Shaft Mining
41:26 Imperial Age
40:05 Chain Mail Armor
41:46 Iron Casting
41:36 Scale Barding Armor
43:23 Husbandry
43:34 Bloodlines
42:45 Light Cavalry
43:47 Chain Barding Armor
43:51 Conscription
45:22 Plate Barding Armor
44:52 Heavy Camel Rider
棉花糖
9:23 Loom
11:38 Feudal Age
12:25 Town Watch
13:26 Double-Bit Axe
15:04 Fletching
20:57 Wheelbarrow
21:12 Horse Collar
22:11 Gold Mining
24:49 Castle Age
26:21 Bow Saw
25:55 Fishing Lines
26:36 Scale Barding Armor
29:14 Chain Barding Armor
30:09 Forging
29:57 Bodkin Arrow
30:37 Hand Cart
30:41 Bloodlines
31:44 Elite Skirmisher
34:40 Padded Archer Armor
36:36 Ballistics
37:40 Leather Archer Armor
42:08 Imperial Age
39:59 Husbandry
41:54 Cavalier
43:11 Plate Barding Armor
43:54 Iron Casting
43:27 Heavy Plow
44:29 Two-Man Saw
43:19 Savar
44:25 Conscription
44:18 Capped Ram
Biscottino
4:15 Loom
14:42 Feudal Age
19:21 Double-Bit Axe
19:58 Fletching
24:57 Castle Age
24:41 Stone Mining
25:05 Gold Mining
31:08 Bodkin Arrow
35:00 Bow Saw
37:08 Horse Collar
38:39 Scale Barding Armor
38:45 Forging
41:39 Bloodlines
ITA | CivettaAviotrasportata
7:38 Loom
12:28 Feudal Age
14:41 Fletching
21:39 Castle Age
20:20 Town Watch
20:47 Double-Bit Axe
23:39 Bodkin Arrow
25:17 Wheelbarrow
Monesi28
4:05 Loom
15:32 Feudal Age
22:44 Castle Age
21:33 Fletching
21:50 Horse Collar
23:06 Scale Mail Armor
23:51 Town Watch
24:23 Double-Bit Axe
26:02 Wheelbarrow
29:22 Wheelbarrow
36:31 Bodkin Arrow
40:18 Padded Archer Armor
ITA | Raffy
5:08 Loom
13:29 Feudal Age
14:16 Double-Bit Axe
14:51 Fishing Lines
16:10 Gold Mining
17:49 Forging
18:21 Wheelbarrow
23:54 Castle Age
22:25 Fletching
26:23 Medium Warships
28:40 Gillnets
29:32 Bodkin Arrow
30:12 Bow Saw
42:11 Imperial Age
40:12 Padded Archer Armor
43:29 Bracer
43:44 Leather Archer Armor
Connection lost

Rejoining the realm…

Still unreachable

The connection could not be restored.

Session expired

The server has moved on; the page needs a fresh start.